 Dungeon Crawl Stone Soup version 0.25-a0-578-gc91f01c (webtiles) character file.

Game seed: 1325252499824863696, levelgen mode: deterministic

622037 Faca the Merfolkian Porcupine (level 27, 0/237 HPs)
             Began as a Merfolk Gladiator on Mar 3, 2020.
             Was the Champion of Okawaru.
             Killed from afar by a Killer Klown (18 damage)
             ... with a klown pie
             ... on level 4 of the Realm of Zot on Mar 4, 2020.
             The game lasted 04:00:49 (93436 turns).

Faca the Merfolkian Porcupine (Merfolk Gladiator)  Turns: 93436, Time: 04:00:49

Health: 0/237      AC: 38    Str: 23 (26) XL:     27
Magic:  30/30      EV: 14    Int: 16 (18) God:    Okawaru [******]
Gold:   2035       SH: 27    Dex: 17 (19) Spells: 26/26 levels left

rFire    + + +     SeeInvis +   a - +9 demon trident (vorpal)
rCold    + + +     Gourm    .   y - +0 tower shield
rNeg     + . .     Faith    .   V - +12 gold dragon scales
rPois    +         Spirit   .   J - -2 hat of the Alchemist {rElec rPois rF+ rC+ rN+ MR+ rMut rCorr}
rElec    +         Reflect  .   j - +1 cloak {MR+}
rCorr    +         Harm     .   G - +3 pair of gauntlets of War {Slay+5}
rMut     +                      D - +1 pair of boots {run}
MR       +++++                  U - amulet of the Eight Stories {Acrobat MR++ Dex+4}
Stlth    ..........             L - ring of see invisible
HPRegen  0.49/turn              S - ring "Qeqakica" {rElec rF+ rC++ Int+9}
MPRegen  0.22/turn

@: about to teleport, silence, constricted, studying Throwing, quick
A: change form in water, swift swim, stealthy swim, large bone plates 1, clumsy
1, fire resistance 1, strong 1
}: 3/15 runes: serpentine, barnacled, silver
a: Renounce Religion


You were on level 4 of the Realm of Zot.
You worshipped Okawaru.
Okawaru was exalted by your worship.
You were not hungry.

You visited 9 branches of the dungeon, and saw 48 of its levels.
You also visited: Volcano.

You collected 12821 gold pieces.
You spent 10786 gold pieces at shops.

Inventory:

Hand Weapons
 a - a +9 vorpal demon trident (weapon)
 K - the +4 trident of Destiny {vorpal, *Corrode rElec rF+ rN+}
   (You acquired it on level 5 of the Vaults)

   It inflicts extra damage upon your enemies.
   It protects you from fire.
   It insulates you from electricity.
   It protects you from negative energy.
   It may corrode you when you take damage.
 X - a +7 demon trident of electrocution
Missiles
 b - 54 javelins (quivered)
 d - 13 throwing nets
 r - 78 silver javelins
Armour
 j - a +1 cloak of magic resistance (worn)
 y - a +0 tower shield (worn)
 D - a +1 pair of boots of running (worn)
 G - the +3 pair of gauntlets of War (worn) {Slay+5}
   (You found it on level 1 of the Lair of Beasts)

   It affects your accuracy and damage with ranged weapons and melee attacks
   (+5).
   If you remove this armour, your AC will decrease by 4 (38 -> 34).
 J - the -2 hat of the Alchemist (worn) {rElec rPois rF+ rC+ rN+ MR+ rMut rCorr}
   (You bought it in a shop on level 2 of the Orcish Mines)

   It protects you from fire.
   It protects you from cold.
   It insulates you from electricity.
   It protects you from poison.
   It protects you from negative energy.
   It affects your resistance to hostile enchantments.
   It provides partial protection from all sources of acid and corrosion.
   It protects you from mutation.
   If you remove this armour, your AC will increase by 2 (38 -> 40).
 V - +12 gold dragon scales (worn)
Jewellery
 L - a ring of see invisible (left hand)
 M - the ring "Ipugue" {rF+ Str+5 Dex+2 Stlth+}
   (You bought it in a shop on level 4 of the Depths)

   [ring of stealth]

   It affects your strength (+5).
   It affects your dexterity (+2).
   It protects you from fire.
   It makes you more stealthy.
 S - the ring "Qeqakica" (right hand) {rElec rF+ rC++ Int+9}
   (You bought it in a shop on level 3 of the Snake Pit)

   [ring of protection from fire]

   It affects your intelligence (+9).
   It protects you from fire.
   It greatly protects you from cold.
   It insulates you from electricity.
 U - the amulet of the Eight Stories (around neck) {Acrobat MR++ Dex+4}
   (You bought it in a shop on level 4 of the Depths)

   [amulet of the acrobat]

   It helps you evade while moving and waiting.
   It affects your dexterity (+4).
   It affects your resistance to hostile enchantments.
Wands
 c - a wand of digging (35)
Scrolls
 e - 3 scrolls of blinking
 g - 3 scrolls of fear
 k - 13 scrolls of teleportation
 q - 29 scrolls of remove curse
 s - 12 scrolls of fog
 z - 5 scrolls of silence
 C - 7 scrolls of immolation
 I - a scroll of torment
 N - 2 scrolls of holy word
 P - 7 scrolls of identify
 Q - 9 scrolls of magic mapping
 T - 2 scrolls of brand weapon
 W - 3 scrolls of summoning
Potions
 i - 7 potions of stabbing
 m - 14 potions of berserk rage
 n - 2 potions of ambrosia
 o - 6 potions of curing
 p - 3 potions of mutation
 t - 6 potions of invisibility
 u - 9 potions of brilliance
 v - 5 potions of resistance
 w - 12 potions of might
 x - 5 potions of haste
 B - 4 potions of lignification
 F - 3 potions of cancellation
 H - 8 potions of flight
Books
 O - a manual of Throwing
Miscellaneous
 Y - a tin of tremorstones
Comestibles
 f - 78 rations
 h - 2 chunks of flesh


   Skills:
 + Level 23.9 Fighting
 O Level 27 Polearms
 - Level 18.0 Throwing
 + Level 12.6 Armour
 + Level 26.3 Dodging
 + Level 20.3 Shields
 - Level 10.0 Invocations


You had 26 spell levels left.
You didn't know any spells.
Your spell library contained the following spells:

 Spells                   Type           Power        Failure   Level  Hunger
 Animate Skeleton         Necr           N/A          100%        1    ##.....
 Apportation              Tloc           #.....       100%        1    ##.....
 Beastly Appendage        Tmut           #.....       100%        1    ##.....
 Corona                   Hex            #......      100%        1    ##.....
 Foxfire                  Conj/Fire      #...         100%        1    ##.....
 Freeze                   Ice            #...         100%        1    ##.....
 Magic Dart               Conj           #...         100%        1    ##.....
 Shock                    Conj/Air       #...         100%        1    ##.....
 Sting                    Tmut/Pois      #...         100%        1    ##.....
 Summon Butterflies       Summ           #.......     100%        1    ##.....
 Summon Small Mammal      Summ           #...         100%        1    ##.....
 Blink                    Tloc           N/A          100%        2    ###....
 Call Imp                 Summ           #.......     100%        2    ###....
 Corpse Rot               Necr/Air       N/A          100%        2    ###....
 Ensorcelled Hibernation  Hex/Ice        #.....       100%        2    ###....
 Passwall                 Tmut/Erth      #.......     100%        2    ###....
 Slow                     Hex            #.......     100%        2    ###....
 Swiftness                Chrm/Air       #.......     100%        2    ###....
 Call Canine Familiar     Summ           #.......     100%        3    ####...
 Confusing Touch          Hex            #.......     100%        3    ####...
 Conjure Flame            Conj/Fire      #.......     100%        3    ####...
 Dazzling Flash           Conj/Hex       #.....       100%        3    ####...
 Frozen Ramparts          Ice            #.....       100%        3    ####...
 Gell's Gravitas          Tloc           #.........   100%        3    ####...
 Ignite Poison            Fire/Tmut/Pois #.......     100%        3    ####...
 Inner Flame              Hex/Fire       #.......     100%        3    ####...
 Lesser Beckoning         Tloc           #.........   100%        3    ####...
 Mephitic Cloud           Conj/Pois/Air  #.......     100%        3    ####...
 Ozocubu's Armour         Chrm/Ice       #.......     100%        3    ####...
 Portal Projectile        Hex/Tloc       #.....       100%        3    ####...
 Recall                   Summ/Tloc      N/A          100%        3    ####...
 Spectral Weapon          Hex/Chrm       #.......     100%        3    ####...
 Static Discharge         Conj/Air       #.......     100%        3    ####...
 Tukima's Dance           Hex            #.......     100%        3    ####...
 Cause Fear               Hex            #.........   100%        4    #####..
 Hailstorm                Conj/Ice       #.......     100%        4    #####..
 Ice Form                 Ice/Tmut       #.......     100%        4    #####..
 Leda's Liquefaction      Hex/Erth       #.........   100%        4    #####..
 Passage of Golubria      Tloc           N/A          100%        4    #####..
 Petrify                  Tmut/Erth      #.......     100%        4    #####..
 Sticky Flame             Conj/Fire      #.......     100%        4    #####..
 Summon Ice Beast         Ice/Summ       #.......     100%        4    #####..
 Alistair's Intoxication  Tmut/Pois      #.......     100%        5    ######.
 Aura of Abjuration       Summ           #.........   100%        5    ######.
 Bolt of Magma            Conj/Fire/Erth #.........   100%        5    ######.
 Borgnjor's Vile Clutch   Necr/Erth      #.........   100%        5    ######.
 Fireball                 Conj/Fire      #.........   100%        5    ######.
 Irradiate                Conj/Tmut      #.........   100%        5    ######.
 Iskenderun's Battlesphe  Conj/Chrm      #.......     100%        5    ######.
 Lee's Rapid Deconstruct  Erth           #.........   100%        5    ######.
 Lightning Bolt           Conj/Air       #.........   100%        5    ######.
 Metabolic Englaciation   Hex/Ice        #.........   100%        5    ######.
 Silence                  Hex/Air        #.........   100%        5    ######.
 Summon Demon             Summ           #.........   100%        5    ######.
 Summon Forest            Summ/Tloc      #.........   100%        5    ######.
 Summon Mana Viper        Hex/Summ       #.......     100%        5    ######.
 Yara's Violent Unravell  Hex/Tmut       #.........   100%        5    ######.
 Darkness                 Hex            #.........   100%        6    #######
 Freezing Cloud           Conj/Ice/Air   #.........   100%        6    #######
 Invisibility             Hex            #.......     100%        6    #######
 Iron Shot                Conj/Erth      #.........   100%        6    #######
 Ozocubu's Refrigeration  Ice            #.........   100%        6    #######
 Shadow Creatures         Summ           N/A          100%        6    #######
 Simulacrum               Ice/Necr       #.........   100%        6    #######
 Starburst                Conj/Fire      #.........   100%        6    #######
 Statue Form              Tmut/Erth      #........    100%        6    #######
 Dragon Form              Tmut           #.........   100%        7    #######
 Haunt                    Necr/Summ      #.........   100%        7    #######
 Malign Gateway           Summ/Tloc      #.........   100%        7    #######
 Monstrous Menagerie      Summ           #.........   100%        7    #######
 Orb of Destruction       Conj           #.........   100%        7    #######
 Ring of Flames           Chrm/Fire      #.........   100%        7    #######
 Spellforged Servitor     Conj/Summ      #.........   100%        7    #######
 Summon Greater Demon     Summ           #.........   100%        7    #######
 Summon Hydra             Summ           #.........   100%        7    #######
 Borgnjor's Revivificati  Necr           #.........   100%        8    #######
 Death's Door             Chrm/Necr      #.........   100%        8    #######
 Discord                  Hex            #.........   100%        8    #######
 Ignition                 Fire           #.........   100%        8    #######
 Infestation              Necr           #.........   100%        8    #######
 Necromutation            Tmut/Necr      #.........   100%        8    #######
 Summon Horrible Things   Summ           #.........   100%        8    #######
 Dragon's Call            Summ           #.........   100%        9    #######
 Shatter                  Erth           #.........   100%        9    #######
 Tornado                  Air            #.........   100%        9    #######


Dungeon Overview and Level Annotations

Branches:
Dungeon (15/15)            Temple (0/1) D:6            Lair (6/6) D:8
 Shoals (4/4) Lair:4        Snake (4/4) Lair:3        Slime (0/5) Lair:6
    Orc (2/2) D:11            Elf (3/3) Orc:2        Vaults (5/5) D:13
  Crypt (0/3) Vaults:2     Depths (5/5) D:15            Zot (4/5) Depths:5
Volcano (visited)

Altars:
Ashenzari
Cheibriados
Fedhas
Gozag
Hepliaklqana
Makhleb
Nemelex Xobeh
Okawaru
Qazlal
Ru
Sif Muna
Trog
Uskayaw
Vehumet
The Shining One
Beogh
Jiyva

Shops:
D:4 %   D:11 [   D:13 ?=   D:14 =   Orc:2 [??!   Elf:1 :   Elf:2 ?   Elf:3 ?
Shoals:1 [   Snake:3 =   Snake:4 *   Vaults:2 !(!!   Vaults:3 *   Vaults:4 ?
Vaults:5 %?%??!!?   Depths:4 =**

Portals:
Hell: Depths:1 Depths:2 Depths:3 Depths:4 Depths:5
Abyss: Depths:4
Pandemonium: Depths:3
Ziggurat: Depths:1


Innate Abilities, Weirdness & Mutations

You revert to your normal form in water.
You are very nimble and swift while swimming.
You are very stealthy in the water. (Stealth+)
You are partially covered in large bone plates. (SH +4)
You are clumsy. (Dex -2)
Your flesh is heat resistant. (rF+)
Your muscles are strong. (Str +2)


Message History

The purple draconian annihilator hits you but does no damage.
The purple draconian rages.
The moth of wrath misses you.
You feel better. You block the death cob's attack.
The black draconian rages.
The death cob closely misses you. You block the ancient lich's attack.
The tentacled monstrosity tentacle-slaps you but does no damage.
You block the tentacled monstrosity's attack.
The tentacled monstrosity tentacle-slaps you but does no damage.
* * * LOW HITPOINT WARNING * * *
The tentacled monstrosity constricts you.
The purple draconian hits you but does no damage.
The green draconian knight casts a spell.
The green draconian knight seems to speed up.
The purple draconian rages.
The moth of wrath closely misses you.
The Killer Klown throws klown pie at you.
The klown pie hits you!!
Raspberry!
You feel weakened.
You feel dopey.
You feel clumsy.
You die...

##...#......
...#
##.........
..##
##........
{..#
#<.......
.... ###
##.......
...# dq
##.....#
...# ###d###
##....# ...#
##.yzyd##
.....


#.dyX@yd# ..... #.§dpqLq# ..... +..dyddq8.# ... #...qdq.#.# #..y.z..# #
##.....## ###'### .. You could see a Killer Klown, an electric golem, a
tentacled monstrosity, a green draconian knight (invisible), an ancient lich, a
black draconian (berserk), 4 draconians, 3 draconians, 2 draconians, 2 death
cobs, 3 draconians, 2 draconians and 6 moths of wrath.

Vanquished Creatures
  2 juggernauts
  Mara (Depths:3)
  Boris (Vaults:3)
  Frederick (Vaults:5)
  A Killer Klown (Zot:2)
  5 curse toes
  Saint Roka (Vaults:3)
  The ghost of Mavorror the Tortoise, a veteran FoFi of Okawaru (Depths:3)
  Vashnia (Snake:3)
  7 caustic shrikes
  5 golden dragons
  2 bone dragons (Depths:4)
  The ghost of Charmandara the Sharpshooter, an adept FoHu of Fedhas (Elf:3)
  8 tentacled monstrosities
  The ghost of Zute Zec the Severer, an adept HOFi of Beogh (Shoals:1)
  Rupert (D:14)
  5 liches
  The ghost of Ojydott the Hoplite, an adept GrFi of Okawaru (D:13)
  2 deep elf blademasters (Elf:3)
  The ghost of Areynoc the Peltast, an adept FoFi of Okawaru (Shoals:3)
  4 quicksilver dragons
  3 titans (Vaults:5)
  Polyphemus (Shoals:3)
  2 krakens (Shoals:4)
  5 death cobs
  2 sphinxes
  13 storm dragons
  4 tengu reavers
  Kirke (Shoals:3)
  5 shadow dragons
  12 nagarajas
  5 draconian monks
  9 fire giants
  Donald (Snake:1)
  An iron dragon (Depths:5)
  13 frost giants
  Aizul (Snake:1)
  14 deep elf sorcerers
  An orc warlord (Orc:2)
  4 draconian shifters
  9 draconian scorchers
  19 vault wardens
  8 draconian knights
  16 very ugly things
  2 curse skulls (Depths:4)
  2 draconian stormcallers
  6 deep elf elementalists
  6 draconian annihilators
  32 ironheart preservers
  4 spriggan defenders
  15 stone giants
  3 deep elf demonologists
  2 vampire knights
  10 green draconians
  3 caustic shrike skeletons (Depths:4)
  An entropy weaver (Vaults:4)
  9 yellow draconians
  7 black draconians
  A minotaur (shapeshifter) (Vaults:2)
  7 purple draconians
  11 red draconians
  Azrael (Elf:1)
  12 deep elf annihilators
  9 white draconians
  12 ettins
  7 spark wasps
  7 deep elf death magi
  The ghost of Favotullu the Cleaver, a journeyman GrFi of Okawaru (Lair:3)
  10 fire dragons
  4 merfolk javelineers
  A mummy priest (Elf:1)
  5 great orbs of eyes
  15 yaktaur captains
  6 merfolk impalers
  3 jiangshi (Depths:4)
  A quicksilver dragon zombie (Depths:3)
  4 deep elf high priests
  15 ogre magi
  6 rakshasas
  33 vault guards
  The ghost of ToBoldlyKo the Covert, a journeyman KoAr of Nemelex Xobeh (D:11)
  18 ice dragons
  4 hydras
  A quicksilver dragon skeleton (Depths:4)
  Harold (D:10)
  2 spriggan air magi
  A catoblepas (Shoals:3)
  11 naga warriors
  An alligator snapping turtle (Shoals:3)
  4 death knights
  11 centaur warriors
  2 satyrs (Shoals:3)
  24 anacondas
  4 merfolk avatars
  A queen ant (Lair:3)
  25 two-headed ogres
  3 merfolk aquamancers
  A death yak (shapeshifter) (Vaults:5)
  32 dancing weapons
  14 deep troll earth magi
  9 vampire magi
  4 deep troll shamans
  3 tengu warriors
  20 naga sharpshooters
  6 orc high priests
  6 spriggan berserkers
  6 shock serpents
  2 death yaks (Shoals:3)
  Sonja (D:10)
  22 hell knights
  2 titan skeletons (Depths:4)
  26 deep elf knights
  3 glowing orange brains
  6 salamander mystics
  A spark wasp zombie (D:15)
  15 skeletal warriors
  A death drake (Snake:4)
  4 storm dragon skeletons
  43 deep trolls
  5 unseen horrors (Depths:4)
  A glowing orange brain (shapeshifter) (Elf:1)
  5 flayed ghosts
  11 sea snakes
  6 phantasmal warriors
  18 deep elf archers
  2 swamp dragons (Zot:2)
  7 naga ritualists
  6 lindwurms
  9 harpies
  17 orc knights
  8 necromancers
  3 golden dragon skeletons (Depths:4)
  13 ironbrand convokers
  A lindwurm (shapeshifter) (Vaults:5)
  2 wizards
  17 mana vipers
  A harpy (shapeshifter) (Snake:4)
  Pikel (D:7)
  6 orc sorcerers
  11 fauns
  2 tengu skeletons (Depths:4)
  2 shadow dragon skeletons (Depths:4)
  27 ugly things
  70 deep elf magi
  17 moths of wrath
  3 wolf spiders
  6 manticores
  3 frost giant skeletons
  15 guardian serpents
  A sphinx skeleton (Depths:4)
  16 cyclopes
  An iron dragon skeleton (Depths:4)
  A stone giant skeleton (Vaults:2)
  42 black mambas
  9 salamanders
  22 naga magi
  5 elephants
  4 fire giant skeletons
  9 human skeletons
  13 merfolk sirens
  A torpor snail (Lair:4)
  A spriggan zombie (Depths:3)
  10 water nymphs
  3 molten gargoyles
  13 vault sentinels
  An eye of devastation (Shoals:3)
  8 apocalypse crabs (Zot:1)
  2 torpor snails (shapeshifter)
  10 kobold demonologists
  A smoke demon (Depths:3)
  A gargoyle (D:14)
  8 spiny frogs
  6 komodo dragons
  A yaktaur skeleton (Vaults:3)
  48 yaktaurs
  A yaktaur (shapeshifter) (Elf:3)
  A demonic crawler (Vaults:1)
  9 freezing wraiths
  3 tengu conjurers (Depths:4)
  An entropy weaver simulacrum (Vaults:2)
  15 trolls
  6 wind drakes
  A queen bee (Lair:2)
  2 trolls (shapeshifter)
  A jumping spider (shapeshifter) (Snake:4)
  4 polar bears (Lair:6)
  30 merfolk
  2 queen bees (shapeshifter)
  A jumping spider (Vaults:4)
  10 hornets
  A blink frog (shapeshifter) (Vaults:5)
  23 slime creatures
  10 snapping turtles
  5 blink frogs (Lair:4)
  A dream sheep (shapeshifter) (Vaults:5)
  16 hippogriffs
  19 dream sheep
  A redback (Vaults:4)
  A fire dragon skeleton (D:15)
  8 flying skulls (Depths:4)
  2 fire dragon zombies (D:15)
  Sigmund (D:5)
  16 spriggans
  3 elf skeletons (Depths:4)
  An air elemental (Elf:3)
  3 large abominations (Depths:4)
  38 yaks
  A fire bat (shapeshifter) (Vaults:2)
  3 shadows
  16 humans
  A wyvern (D:10)
  17 water elementals
  13 wraiths
  A vampire (D:12)
  19 fire elementals
  A fire bat (Volcano)
  3 basilisks
  2 hogs (Shoals:3)
  5 small abominations
  A basilisk (shapeshifter) (Vaults:5)
  A hungry ghost (D:13)
  A human (shapeshifter) (Vaults:5)
  A steam dragon (D:12)
  4 vampire mosquitoes
  3 chaos spawn (Depths:4)
  46 nagas
  9 wargs
  Edmund (D:5)
  3 soldier ants
  4 acid dragons
  8 hydra simulacra (Depths:2)
  A swamp worm (shapeshifter) (Vaults:2)
  2 hell hounds (Elf:1)
  A human zombie (Depths:3)
  A soldier ant (shapeshifter) (Vaults:2)
  6 porcupines
  9 water moccasins
  Duvessa (D:5)
  2 sky beasts
  A deep troll skeleton (Vaults:2)
  A floating eye (Depths:3)
  3 elf zombies
  44 orc warriors
  A slave (D:7)
  3 black bears
  3 ice beasts
  A black bear (shapeshifter) (Snake:4)
  2 phantoms
  A necrophage (D:10)
  3 eyes of draining
  15 centaurs
  36 ogres
  A tengu (Shoals:3)
  36 wolves
  10 crocodiles
  16 boggarts
  A centaur (shapeshifter) (Depths:1)
  An orc skeleton (Vaults:2)
  14 bullfrogs
  2 wyvern zombies
  14 big kobolds
  An earth elemental (Elf:3)
  Dowan (D:5)
  A wyvern skeleton (D:13)
  5 scorpions
  27 killer bees
  10 wights
  2 howler monkeys
  5 lava snakes (Volcano)
  8 electric eels
  2 centaur zombies
  10 crimson imps
  A quasit (D:9)
  22 orc priests
  10 hounds
  A jelly (shapeshifter) (Vaults:4)
  6 jellies
  32 orc wizards
  A gnoll shaman (D:7)
  2 bullfrog zombies
  4 bullfrog skeletons
  6 centaur skeletons
  2 iguanas
  24 worker ants
  2 killer bee zombies
  A hound skeleton (D:6)
  A hound zombie (D:11)
  A worker ant zombie (D:7)
  8 gnolls
  17 adders
  6 shadow imps
  A white imp (Depths:3)
  3 oozes
  An adder skeleton (D:4)
  4 worms
  4 dart slugs
  4 leopard geckos
  110 orcs
  6 ball pythons
  7 giant cockroaches
  9 goblins
  3 hobgoblins
  15 jackals
  16 kobolds
  4 quokkas
  17 bats
  5 frilled lizards
  A jackal skeleton (D:6)
  A leopard gecko zombie (D:7)
  9 rats
  2 crawling corpses
  9 tentacles (Shoals:4)
  A withered plant (D:15)
2430 creatures vanquished.

Vanquished Creatures (collateral kills)
  A merfolk impaler (Shoals:4)
  A merfolk (Shoals:4)
2 creatures vanquished.

Vanquished Creatures (others)
  A great orb of eyes (Vaults:1)
  3 yaktaur captains
  2 naga sharpshooters
  A deep troll (Vaults:3)
  A phantasmal warrior (Vaults:4)
  An orc knight (Vaults:1)
  2 deep elf archers
  2 deep elf magi
  A cyclops (Vaults:1)
  A naga mage (Snake:4)
  6 yaktaurs
  A hippogriff (Shoals:1)
  A water elemental (Depths:2)
  An air elemental (Elf:3)
  A hog (shapeshifter) (Elf:3)
  A boggart (Elf:1)
  A slave (D:8)
  A jelly (D:8)
  An orc wizard (D:8)
  An orc (D:8)
  A crawling corpse (Elf:3)
  15 fungi
  45 plants
  28 tentacles (Shoals:4)
  3 withered plants (D:15)
122 creatures vanquished.

Grand Total: 2554 creatures vanquished

Notes
Turn   | Place    | Note
-------+----------+-------------------------------------------
     0 | D:1      | Faca the Merfolk Gladiator began the quest for the Orb.
     0 | D:1      | Reached XP level 1. HP: 16/16 MP: 1/1
   236 | D:1      | Reached XP level 2. HP: 23/23 MP: 2/2
   253 | D:1      | Reached skill level 5 in Polearms
   893 | D:2      | Reached XP level 3. HP: 29/29 MP: 3/3
   975 | D:2      | Found a stormy altar of Qazlal.
  1196 | D:2      | Found a sacrificial altar of Ru.
  1250 | D:2      | Found an opulent altar of Gozag.
  1284 | D:2      | Reached XP level 4. HP: 18/35 MP: 4/4
  1516 | D:2      | Reached skill level 6 in Polearms
  2019 | D:2      | Reached XP level 5. HP: 13/42 MP: 5/5
  2374 | D:3      | Found a snail-covered altar of Cheibriados.
  2386 | D:3      | Found a faded altar of an unknown god.
  2569 | D:3      | Reached skill level 7 in Polearms
  2591 | D:3      | Found a bloodstained altar of Trog.
  2766 | D:3      | Found an iron altar of Okawaru.
  2775 | D:3      | Became a worshipper of Warmaster Okawaru
  2924 | D:4      | Reached XP level 6. HP: 49/50 MP: 6/6
  2947 | D:4      | Reached skill level 5 in Fighting
  3018 | D:4      | Reached skill level 8 in Polearms
  3110 | D:4      | Found a transporter.
  3179 | D:4      | Reached * piety under Okawaru
  3179 | D:4      | Reached XP level 7. HP: 57/57 MP: 7/7
  3214 | D:4      | Found a transporter.
  3381 | D:4      | Found Yzaol's Food Shop.
  3646 | D:5      | Entered Level 5 of the Dungeon
  3672 | D:5      | Reached skill level 9 in Polearms
  3887 | D:5      | Found a hide-covered altar of Uskayaw.
  3899 | D:5      | Reached XP level 8. HP: 41/67 MP: 8/8
  4130 | D:5      | Noticed Sigmund
  4146 | D:5      | Killed Sigmund
  4146 | D:5      | Reached skill level 10 in Polearms
  4244 | D:5      | Noticed Edmund
  4266 | D:5      | Killed Edmund
  4266 | D:5      | Reached ** piety under Okawaru
  4498 | D:5      | Noticed Dowan
  4498 | D:5      | Noticed Duvessa
  4514 | D:5      | Killed Duvessa
  4520 | D:5      | Killed Dowan
  4520 | D:5      | Reached skill level 11 in Polearms
  4939 | D:4      | Got a pair of twisted boots
  4947 | D:4      | Identified the cursed +0 pair of boots of the Wheelwright
                  | {rF++ Int+10 Dex-4 Slay-4} (You found it on level 4 of the
                  | Dungeon)
  5042 | D:6      | Found a staircase to the Ecumenical Temple.
  5381 | D:6      | Reached XP level 9. HP: 56/75 MP: 9/9
  5612 | D:6      | Reached skill level 12 in Polearms
  5810 | D:6      | Reached *** piety under Okawaru
  6893 | D:7      | Reached skill level 13 in Polearms
  7010 | D:7      | Found a blossoming altar of Fedhas.
  7028 | D:7      | Found a sparkling altar of Nemelex Xobeh.
  7156 | D:7      | Reached skill level 10 in Fighting
  7424 | D:8      | Noticed Pikel
  7447 | D:7      | Killed Pikel
  7447 | D:7      | Reached **** piety under Okawaru
  7447 | D:7      | Reached skill level 5 in Dodging
  7657 | D:8      | Reached XP level 10. HP: 66/86 MP: 10/10
  8125 | D:8      | Noticed a two-headed ogre
  8153 | D:8      | Killed a two-headed ogre
  8153 | D:8      | Reached skill level 14 in Polearms
  8348 | D:8      | Found a staircase to the Lair.
  8362 | D:8      | Found a hazy altar of Hepliaklqana.
  8797 | D:8      | Found a shimmering blue altar of Sif Muna.
  9885 | D:9      | Found a shimmering blue altar of Sif Muna.
  9944 | D:9      | Found a burning altar of Makhleb.
  9978 | D:9      | Reached ***** piety under Okawaru
 10052 | D:9      | Found a glowing golden altar of the Shining One.
 10214 | D:10     | Entered Level 10 of the Dungeon
 10228 | D:10     | Reached skill level 1 in Invocations
 10934 | D:10     | Noticed Sonja
 10942 | D:10     | Killed Sonja
 10942 | D:10     | Received a gift from Okawaru
 10942 | D:10     | Reached XP level 11. HP: 77/95 MP: 12/12
 11170 | D:10     | Reached skill level 15 in Polearms
 11377 | D:10     | Noticed Harold
 11391 | D:10     | Killed Harold
 11967 | D:11     | Noticed a brown ugly thing
 11979 | D:11     | Killed a brown ugly thing
 12190 | D:11     | Found a roughly hewn altar of Beogh.
 12763 | D:11     | Received a gift from Okawaru
 12770 | D:11     | Identified a +0 pair of boots of running (Okawaru gifted it
                  | to you on level 11 of the Dungeon)
 12787 | D:11     | Noticed a two-headed ogre
 12793 | D:11     | Killed a two-headed ogre
 12798 | D:11     | Found Qaiczaoss's Antique Armour Boutique.
 12877 | D:11     | Noticed a cyclops
 12887 | D:11     | Killed a cyclops
 12887 | D:11     | Reached skill level 10 in Dodging
 13126 | D:11     | Found a staircase to the Orcish Mines.
 13126 | D:11     | Noticed a brown ugly thing
 13134 | D:11     | Killed a brown ugly thing
 13134 | D:11     | Reached skill level 5 in Invocations
 13188 | D:11     | Found a runed translucent gate.
 13189 | D:11     | Found a runed translucent gate.
 13196 | D:11     | Found a runed translucent gate.
 13196 | D:11     | Noticed ToBoldlyKo's ghost (journeyman KoAr)
 13289 | D:11     | Found a runed translucent door.
 13307 | D:11     | Found an iron altar of Okawaru.
 13321 | D:11     | Found a snail-covered altar of Cheibriados.
 13335 | D:11     | Found a burning altar of Makhleb.
 13340 | D:11     | Found a shattered altar of Ashenzari.
 13412 | D:11     | Found a shimmering blue altar of Sif Muna.
 13426 | D:11     | Found a snail-covered altar of Cheibriados.
 13583 | D:11     | Noticed a flayed ghost
 13596 | D:11     | Killed a flayed ghost
 13596 | D:11     | Reached skill level 16 in Polearms
 13701 | Lair:1   | Entered Level 1 of the Lair of Beasts
 13701 | Lair:1   | Found the +3 pair of gauntlets of War {Slay+5}
 13812 | Lair:1   | Reached XP level 12. HP: 103/103 MP: 16/16
 13818 | Lair:1   | Found a dark tunnel.
 13976 | Volcano  | Entered a volcano
 14590 | Volcano  | Found a burning altar of Makhleb.
 14590 | Volcano  | Noticed a centaur warrior
 14600 | Volcano  | Killed a centaur warrior
 14600 | Volcano  | Reached skill level 1 in Armour
 14600 | Volcano  | Reached skill level 1 in Shields
 14620 | Volcano  | Noticed a red draconian
 14640 | Volcano  | Killed a red draconian
 15546 | Lair:1   | Identified a scroll of acquirement
 15668 | D:11     | Bought an encrusted chain mail for 294 gold pieces
 15668 | D:11     | Bought a fine ring mail for 279 gold pieces
 15678 | D:11     | Identified the +4 chain mail of Hedging {MR+ Str+2} (You
                  | bought it in a shop on level 11 of the Dungeon)
 15688 | D:11     | Identified the +5 ring mail "Put-Me-On" {MR+} (You bought
                  | it in a shop on level 11 of the Dungeon)
 15832 | Lair:2   | Received a gift from Okawaru
 17351 | Lair:3   | Received a gift from Okawaru
 17475 | Lair:3   | Reached XP level 13. HP: 108/111 MP: 13/18
 17488 | Lair:3   | Found a staircase to the Snake Pit.
 17517 | Lair:3   | Found a runed translucent door.
 17523 | Lair:3   | Noticed Favotullu's ghost (journeyman GrFi)
 18037 | Lair:3   | Reached skill level 17 in Polearms
 19886 | Lair:4   | Found a staircase to the Shoals.
 20538 | Lair:4   | Reached skill level 5 in Shields
 20635 | Lair:4   | Received a gift from Okawaru
 21227 | Lair:5   | You fall into a shaft and drop 1 floor!
 21227 | Lair:6   | Entered Level 6 of the Lair of Beasts
 22042 | Lair:6   | Found a staircase to the Slime Pits.
 22042 | Lair:6   | Found a viscous altar of Jiyva.
 22450 | Lair:4   | Received a gift from Okawaru
 22767 | Lair:5   | Reached XP level 14. HP: 79/119 MP: 20/20
 23307 | Lair:5   | Reached ****** piety under Okawaru
 23949 | Lair:6   | Received a gift from Okawaru
 24806 | Lair:3   | Killed Favotullu's ghost
 24959 | Orc:1    | Entered Level 1 of the Orcish Mines
 25082 | D:11     | Reached skill level 18 in Polearms
 25133 | Orc:1    | Reached skill level 5 in Armour
 25713 | Orc:2    | Entered Level 2 of the Orcish Mines
 25739 | Orc:2    | Paralysed by an orc sorcerer for 6 turns
 25747 | Orc:2    | Gained mutation: You are weak. (Str -2) [a neqoxec]
 26495 | Orc:2    | Found a staircase to the Elven Halls.
 26656 | Orc:2    | Found Ricziechal's Distillery.
 27332 | Orc:2    | Noticed an orc warlord
 27415 | Orc:2    | Killed an orc warlord
 27415 | Orc:2    | Reached skill level 10 in Invocations
 28581 | Orc:2    | Found Dakounef's Magic Scroll Emporium.
 28590 | Orc:2    | Found Kavuceop's Magic Scroll Shop.
 28592 | Orc:2    | Found Kanun's Armour Shop.
 28630 | Orc:2    | Bought the -2 hat of the Alchemist {rElec rPois rF+ rC+ rN+
                  | MR+ rMut rCorr} for 660 gold pieces
 28630 | Orc:2    | Found the -2 hat of the Alchemist {rElec rPois rF+ rC+ rN+
                  | MR+ rMut rCorr}
 28917 | D:12     | Received a gift from Okawaru
 28926 | D:12     | Paralysed by a hornet for 3 turns
 29640 | D:12     | Reached XP level 15. HP: 126/127 MP: 0/22
 29650 | D:12     | Got a slimy scale mail
 29661 | D:12     | Identified the +4 scale mail of the Good {+Blink rElec rF+}
                  | (You found it on level 12 of the Dungeon)
 30213 | D:13     | Found a runed translucent door.
 30213 | D:13     | Found Ponnolos's Jewellery Boutique.
 30214 | D:13     | Noticed Ojydott's ghost (adept GrFi)
 30348 | D:13     | Found Wameul's Magic Scroll Shoppe.
 30396 | D:13     | You fall into a shaft and drop 1 floor!
 30396 | D:14     | Found Kioth's Jewellery Boutique.
 30400 | D:14     | Bought a cursed +2 ring of evasion for 91 gold pieces
 30400 | D:14     | Bought a +2 ring of intelligence for 97 gold pieces
 30422 | D:13     | Found a gate to the Vaults.
 30422 | D:13     | Noticed Rupert
 31367 | D:13     | Reached skill level 15 in Fighting
 31678 | D:14     | Killed Rupert
 31678 | D:14     | Reached skill level 19 in Polearms
 32420 | D:14     | Received a gift from Okawaru
 32423 | D:14     | Reached skill level 15 in Dodging
 32634 | D:11     | Killed ToBoldlyKo's ghost
 32723 | D:11     | Received a gift from Okawaru
 32728 | D:11     | Identified the +0 crystal plate armour of the Hidden Vale
                  | {-Tele rC+ Str+4 Dex+4} (Okawaru gifted it to you on level
                  | 11 of the Dungeon)
 32974 | Snake:1  | Entered Level 1 of the Snake Pit
 34193 | Shoals:1 | Entered Level 1 of the Shoals
 34436 | Orc:2    | Bought a +1 kite shield of cold resistance for 231 gold
                  | pieces
 34453 | Orc:2    | Bought a scroll of blinking for 105 gold pieces
 34453 | Orc:2    | Bought a scroll of enchant weapon for 105 gold pieces
 34453 | Orc:2    | Bought a scroll of blinking for 105 gold pieces
 34463 | Orc:2    | Bought a scroll of torment for 105 gold pieces
 34465 | Orc:2    | Bought a potion of heal wounds for 65 gold pieces
 34465 | Orc:2    | Bought a potion of heal wounds for 65 gold pieces
 34465 | Orc:2    | Bought a potion of haste for 130 gold pieces
 34465 | Orc:2    | Bought a potion of haste for 130 gold pieces
 34883 | Shoals:1 | Found a large runed translucent door.
 34883 | Shoals:1 | Found a large runed translucent door.
 34893 | Shoals:1 | Noticed Zute Zec's ghost (adept HOFi)
 35445 | Shoals:1 | Found a transporter.
 35854 | Shoals:1 | Found Wepumnoz's Armour Boutique.
 35947 | Shoals:1 | Found a transporter.
 36554 | Shoals:2 | Reached XP level 16. HP: 64/136 MP: 23/23
 37357 | Shoals:2 | Received a gift from Okawaru
 38247 | Shoals:3 | Found a runed translucent gate.
 38247 | Shoals:3 | Found a runed translucent gate.
 38247 | Shoals:3 | Found a runed translucent gate.
 38247 | Shoals:3 | Noticed Areynoc's ghost (adept FoFi)
 38256 | Shoals:3 | Reached skill level 10 in Shields
 38268 | Shoals:3 | Reached skill level 5 in Throwing
 38609 | Shoals:3 | Reached skill level 20 in Polearms
 38634 | Shoals:3 | Received a gift from Okawaru
 38738 | Shoals:3 | Noticed Kirke
 38786 | Shoals:3 | Killed Kirke
 38861 | Shoals:3 | Noticed Polyphemus
 39294 | Shoals:3 | Killed Polyphemus
 40142 | Shoals:3 | Identified the cursed +0 chain mail of Least Resistance
                  | {+Blink} (You found it on level 3 of the Shoals)
 40239 | Shoals:4 | Entered Level 4 of the Shoals
 40706 | Shoals:4 | Noticed a kraken
 41128 | Shoals:4 | Reached XP level 17. HP: 126/144 MP: 24/24
 41718 | Shoals:4 | Killed a kraken
 41718 | Shoals:4 | Received a gift from Okawaru
 41736 | Shoals:4 | Killed a kraken
 41749 | Shoals:4 | Got a barnacled rune of Zot
 43332 | Snake:1  | Noticed Aizul
 43356 | Snake:1  | Killed Aizul
 43841 | Snake:1  | Noticed Donald
 43859 | Snake:1  | Killed Donald
 45032 | Snake:2  | Found a radiant altar of Vehumet.
 45063 | Snake:2  | Received a gift from Okawaru
 46161 | Snake:3  | Noticed Vashnia
 47053 | Snake:3  | Received a gift from Okawaru
 47304 | Snake:3  | Killed Vashnia
 47304 | Snake:3  | Received a gift from Okawaru
 47304 | Snake:3  | Reached skill level 21 in Polearms
 47942 | Snake:3  | Reached XP level 18. HP: 124/153 MP: 25/25
 48538 | Snake:3  | Found Cere's Jewellery Shop.
 48563 | Snake:3  | Bought a cursed -2 ring of dexterity for 40 gold pieces
 48564 | Snake:3  | Bought the ring "Qeqakica" {rElec rF+ rC++ Int+9} for 1508
                  | gold pieces
 49142 | Snake:4  | Entered Level 4 of the Snake Pit
 49307 | Snake:4  | Found Aqiprest's General Store.
 49391 | Snake:4  | Bought a scroll of acquirement for 936 gold pieces
 49418 | Snake:4  | Identified the +6 bardiche "Diwept" {vorpal, Fragile MR+++
                  | Str+2 Dex+2} (You acquired it on level 4 of the Snake Pit)
 49419 | Snake:4  | Found the +0 pair of fencer's gloves {Riposte Dex+3}
 49470 | Snake:4  | Received a gift from Okawaru
 49908 | Snake:4  | Received a gift from Okawaru
 50280 | Snake:4  | Noticed a quicksilver dragon
 50280 | Snake:4  | a nagaraja changed into a quicksilver dragon
 50288 | Snake:4  | Received a gift from Okawaru
 51288 | Snake:4  | a quicksilver dragon changed into a shapeshifter
 51316 | Snake:4  | Identified the +0 hat of Zehuxehen {rF+ Str+3 Int+3}
                  | (Okawaru gifted it to you on level 4 of the Snake Pit)
 51809 | Snake:4  | Reached XP level 19. HP: 153/161 MP: 26/26
 52370 | Snake:4  | Got a serpentine rune of Zot
 52654 | Shoals:1 | Killed Zute Zec's ghost
 52839 | Shoals:3 | Killed Areynoc's ghost
 53271 | Shoals:1 | Got a fine marble ring
 53283 | Shoals:1 | Got a sparkling bone ring
 53624 | D:13     | Killed Ojydott's ghost
 53859 | D:15     | Entered Level 15 of the Dungeon
 53864 | D:15     | Gained mutation: You can translocate small distances at
                  | will. [a neqoxec]
 53868 | D:15     | Gained mutation: Scrolls take you a little longer to read.
                  | [a neqoxec]
 53908 | D:15     | Received a gift from Okawaru
 54004 | D:15     | Identified the ring "Hued" {*Tele rF++} (You found it on
                  | level 1 of the Shoals)
 54012 | D:15     | Reached skill level 22 in Polearms
 54516 | D:15     | Found a staircase to the Depths.
 54521 | D:15     | Received a gift from Okawaru
 54696 | D:15     | Identified the ring of Qyciaw {rElec rPois MR+ Str+3} (You
                  | found it on level 1 of the Shoals)
 54799 | D:15     | Found an opulent altar of Gozag.
 55146 | Vaults:1 | Entered Level 1 of the Vaults
 55185 | Vaults:1 | Reached skill level 10 in Throwing
 57458 | Vaults:2 | Reached XP level 20. HP: 144/170 MP: 27/27
 57596 | Vaults:2 | Received a gift from Okawaru
 58021 | Vaults:2 | Found Irrimeant's Distillery.
 58091 | Vaults:2 | Found Luuxapna's Antique Weapon Emporium.
 58914 | Vaults:2 | Found a staircase to the Crypt.
 59174 | Vaults:2 | Found Netar's Distillery.
 59196 | Vaults:2 | You fall into a shaft and drop 1 floor!
 59574 | Vaults:2 | Found Kunairis's Distillery.
 59581 | Vaults:2 | Bought a potion of mutation for 176 gold pieces
 59651 | Vaults:2 | Received a gift from Okawaru
 60104 | Vaults:2 | Found Ysouphitha's Antique Weapon Emporium.
 60419 | Vaults:2 | Received a gift from Okawaru
 60468 | Vaults:2 | Reached skill level 23 in Polearms
 60827 | Vaults:3 | Received a gift from Okawaru
 61492 | Vaults:3 | Found Kuexefuq's Assorted Antiques.
 61500 | Vaults:3 | Bought a scroll of enchant armour for 292 gold pieces
 61636 | Vaults:3 | Noticed Boris
 61656 | Vaults:3 | Killed Boris
 61656 | Vaults:3 | Reached XP level 21. HP: 119/178 MP: 28/28
 61954 | Vaults:3 | Noticed Saint Roka
 61975 | Vaults:3 | Killed Saint Roka
 62340 | Vaults:3 | Received a gift from Okawaru
 62369 | Vaults:3 | Reached skill level 10 in Armour
 63061 | Vaults:4 | Received a gift from Okawaru
 63797 | Vaults:4 | Found Ycuguy's Magic Scroll Boutique.
 63811 | Vaults:4 | Bought a scroll of enchant weapon for 82 gold pieces
 63811 | Vaults:4 | Bought a scroll of brand weapon for 220 gold pieces
 64419 | Vaults:4 | Found a glowing golden altar of the Shining One.
 65065 | Vaults:4 | Reached skill level 24 in Polearms
 65088 | Vaults:4 | Reached skill level 15 in Shields
 65848 | Vaults:4 | Received a gift from Okawaru
 66255 | Depths:1 | Entered Level 1 of the Depths
 66266 | Depths:1 | Reached XP level 22. HP: 184/188 MP: 29/29
 66424 | Depths:1 | Received a gift from Okawaru
 66988 | Depths:1 | Received a gift from Okawaru
 66991 | Depths:1 | Got an ivory demon trident {god gift}
 66994 | Depths:1 | Identified the +4 demon trident "Jafucoba" {vorpal, rF+
                  | Str+4} (Okawaru gifted it to you on level 1 of the Depths)
 67451 | Depths:1 | Found a gateway to a ziggurat.
 67781 | Depths:1 | Found a gateway to Hell.
 68116 | Depths:2 | Received a gift from Okawaru
 68146 | Depths:2 | Received a gift from Okawaru
 68620 | Depths:2 | Received a gift from Okawaru
 68959 | Depths:2 | Received a gift from Okawaru
 68972 | Depths:2 | Got a pair of crude boots {god gift}
 68975 | Depths:2 | Identified the +2 pair of boots of Grace {-Tele +Fly rElec
                  | MR+++} (Okawaru gifted it to you on level 2 of the Depths)
 68993 | Depths:2 | Noticed a juggernaut
 69021 | Depths:2 | Killed a juggernaut
 69511 | Depths:3 | Found a runed translucent gate.
 69511 | Depths:3 | Found a runed translucent gate.
 69511 | Depths:3 | Found a runed translucent gate.
 69685 | Depths:3 | Noticed Mavorror's ghost (veteran FoFi)
 69883 | Depths:3 | Noticed Mara
 69889 | Depths:3 | Noticed Faca's illusion
 69891 | Depths:3 | Reached XP level 23. HP: 137/197 MP: 30/30
 70061 | Depths:3 | Killed Mara
 70178 | Depths:3 | Identified the +7 great sword "Pidghemath" {vorpal, Str+10
                  | Int+5 Stlth-}
 70188 | Depths:3 | Reached skill level 25 in Polearms
 70327 | Depths:3 | Got a scorched copper amulet
 70330 | Depths:3 | Identified the amulet "Keatwupt" {Harm *Drain MP+9 Int+2}
                  | (You found it on level 3 of the Depths)
 70407 | Depths:3 | Found a one-way gate leading to the halls of Pandemonium.
 70562 | Depths:3 | Received a gift from Okawaru
 70916 | Depths:3 | Received a gift from Okawaru
 70933 | Depths:3 | Identified the +1 ring mail "Ehuethran" {Dex+5 Slay+3}
                  | (Okawaru gifted it to you on level 3 of the Depths)
 71372 | Depths:3 | Identified the +4 ring mail of Suixt {rN+} (You found it on
                  | level 3 of the Depths)
 71980 | Depths:3 | Killed Mavorror's ghost
 72438 | Depths:3 | Identified the +1 pair of gloves of Noon {*Drain rElec
                  | Int+3} (You found it on level 3 of the Depths)
 72809 | Depths:4 | Received a gift from Okawaru
 73432 | Depths:4 | Found Gubocvep's Jewellery Emporium.
 73434 | Depths:4 | Found Xithro's General Store.
 73436 | Depths:4 | Found Hegh's Assorted Antiques.
 73445 | Depths:4 | Bought an uncursed ring of stealth for 350 gold pieces
 73551 | Depths:4 | Noticed a caustic shrike
 73555 | Depths:4 | Noticed a caustic shrike
 73558 | Depths:4 | Killed a caustic shrike
 73565 | Depths:4 | Killed a caustic shrike
 73565 | Depths:4 | Reached XP level 24. HP: 136/206 MP: 30/30
 73566 | Depths:4 | Noticed a caustic shrike
 73568 | Depths:4 | Noticed a caustic shrike
 73585 | Depths:4 | Killed a caustic shrike
 73593 | Depths:4 | Killed a caustic shrike
 73593 | Depths:4 | Received a gift from Okawaru
 73791 | Depths:4 | Bought the ring "Ipugue" {rF+ Str+5 Dex+2 Stlth+} for 924
                  | gold pieces
 73791 | Depths:4 | Bought the amulet of the Eight Stories {Acrobat MR++ Dex+4}
                  | for 1076 gold pieces
 73893 | Depths:4 | Received a gift from Okawaru
 74311 | Depths:4 | Identified the Compendium of Earthen Bewitchment
 74905 | Depths:4 | Found a one-way gate to the infinite horrors of the Abyss.
 74947 | Depths:4 | Reached skill level 26 in Polearms
 75018 | Depths:5 | Entered Level 5 of the Depths
 75778 | Depths:5 | Noticed a juggernaut
 75794 | Depths:5 | Killed a juggernaut
 75794 | Depths:5 | Received a gift from Okawaru
 75967 | Depths:5 | Noticed a caustic shrike
 75967 | Depths:5 | Noticed a caustic shrike
 75968 | Depths:5 | Noticed a caustic shrike
 75988 | Depths:5 | Killed a caustic shrike
 75997 | Depths:5 | Killed a caustic shrike
 76004 | Depths:5 | Killed a caustic shrike
 76370 | Depths:5 | Found a gate to the Realm of Zot.
 77259 | Elf:1    | Entered Level 1 of the Elven Halls
 77286 | Elf:1    | Reached XP level 25. HP: 203/215 MP: 30/30
 77353 | Elf:1    | Found Ticsium's Book Shoppe.
 77382 | Elf:1    | Noticed Azrael
 77392 | Elf:1    | Killed Azrael
 77857 | Elf:1    | Found a shimmering blue altar of Sif Muna.
 79300 | Elf:2    | Found a huge runed translucent gate.
 79300 | Elf:2    | Found a huge runed translucent gate.
 79300 | Elf:2    | Found a huge runed translucent gate.
 79300 | Elf:2    | Found a huge runed translucent gate.
 79302 | Elf:2    | Found a huge runed translucent gate.
 79443 | Elf:2    | Found Sonem's Magic Scroll Emporium.
 79484 | Elf:2    | Received a gift from Okawaru
 79489 | Elf:2    | Got a transparent chain mail {god gift}
 79492 | Elf:2    | Identified the +2 chain mail of Okawaru's Whim {MP+9}
                  | (Okawaru gifted it to you on level 2 of the Elven Halls)
 80243 | Elf:3    | Entered Level 3 of the Elven Halls
 80243 | Elf:3    | Found Etamooqez's Magic Scroll Shop.
 80436 | Elf:3    | Identified the +6 mace of the Evil Eye {venom, Str+3
                  | Stlth+}
 81005 | Elf:3    | Noticed Charmandara's ghost (adept FoHu)
 81028 | Elf:3    | Found a transporter.
 81031 | Elf:3    | Found a transporter.
 81318 | Elf:3    | Reached skill level 27 in Polearms
 81873 | Elf:3    | Received a gift from Okawaru
 82074 | Elf:3    | Identified the Almanac of Moulding
 82115 | Elf:3    | Identified the cursed +1 ring mail "Emorch" {rElec rC-
                  | rCorr Stlth+} (You found it on level 3 of the Elven Halls)
 82325 | Elf:3    | Received a gift from Okawaru
 82346 | Elf:3    | Killed Charmandara's ghost
 82441 | Elf:3    | Lost mutation: You can translocate small distances at will.
                  | [potion of mutation]
 82441 | Elf:3    | Lost mutation: You are weak. (Str -2) [potion of mutation]
 82441 | Elf:3    | Gained mutation: You are agile. (Dex +2) [potion of
                  | mutation]
 82441 | Elf:3    | Gained mutation: You are partially covered in large bone
                  | plates. (SH +4) [potion of mutation]
 82442 | Elf:3    | Lost mutation: You are agile. (Dex +2) [potion of mutation]
 82442 | Elf:3    | Lost mutation: Scrolls take you a little longer to read.
                  | [potion of mutation]
 82442 | Elf:3    | Gained mutation: You are frail. (-10% HP) [potion of
                  | mutation]
 82442 | Elf:3    | Gained mutation: You tend to lose your temper in combat.
                  | [potion of mutation]
 82442 | Elf:3    | Gained mutation: You are clumsy. (Dex -2) [potion of
                  | mutation]
 82442 | Elf:3    | Gained mutation: Your muscles are strong. (Str +2) [potion
                  | of mutation]
 82443 | Elf:3    | Lost mutation: You are frail. (-10% HP) [potion of
                  | mutation]
 82443 | Elf:3    | Lost mutation: You tend to lose your temper in combat.
                  | [potion of mutation]
 82443 | Elf:3    | Gained mutation: Your magical capacity is low. (-10% MP)
                  | [potion of mutation]
 82443 | Elf:3    | Lost mutation: Your magical capacity is low. (-10% MP)
                  | [potion of mutation]
 82443 | Elf:3    | Gained mutation: Your flesh is heat resistant. (rF+)
                  | [potion of mutation]
 82878 | Vaults:5 | Entered Level 5 of the Vaults
 82896 | Vaults:4 | Reached XP level 26. HP: 118/224 MP: 30/30
 83338 | Vaults:4 | Received a gift from Okawaru
 83341 | Vaults:4 | Reached skill level 15 in Throwing
 83817 | Vaults:5 | Received a gift from Okawaru
 83826 | Vaults:5 | Got a faintly humming helmet {god gift}
 83850 | Vaults:4 | Identified the +0 helmet "Wathall" {rF+ rC+ Str-5} (Okawaru
                  | gifted it to you on level 5 of the Vaults)
 84383 | Vaults:5 | Noticed Frederick
 84398 | Vaults:5 | Killed Frederick
 84405 | Vaults:5 | Found Mealomuru's Magic Scroll Shoppe.
 84413 | Vaults:5 | Found Tanyaw's Magic Scroll Shop.
 84430 | Vaults:5 | Found Riri's Food Shop.
 85051 | Vaults:5 | Received a gift from Okawaru
 85483 | Vaults:5 | Reached XP level 27. HP: 233/233 MP: 30/30
 85618 | Vaults:5 | Got a silver rune of Zot
 85622 | Vaults:5 | Identified Sif Muna's Volume of Congealing Conjuration
 85862 | Vaults:5 | Identified the +7 falchion "Ilegoj" {protect, Str+4 Dex+2}
 86127 | Vaults:5 | Found the +0 mask of the Dragon {MR+ Slay+3 SInv}
 86312 | Vaults:5 | Found Byrucuih's Food Boutique.
 86312 | Vaults:5 | Found Foipp's Magic Scroll Shoppe.
 86325 | Vaults:5 | Bought a scroll of enchant armour for 157 gold pieces
 86325 | Vaults:5 | Bought a scroll of acquirement for 1092 gold pieces
 86331 | Vaults:5 | Identified the ring "Suunk" {Ice *Corrode MR+ Int+4 Stlth+}
                  | (You acquired it on level 5 of the Vaults)
 86373 | Vaults:5 | Found Giurihykh's Magic Scroll Boutique.
 86373 | Vaults:5 | Found Ogoa's Distillery.
 86377 | Vaults:5 | Bought a scroll of enchant armour for 120 gold pieces
 86377 | Vaults:5 | Bought a scroll of acquirement for 832 gold pieces
 86377 | Vaults:5 | Bought a scroll of enchant armour for 120 gold pieces
 86379 | Vaults:5 | Identified the +4 trident of Destiny {vorpal, *Corrode
                  | rElec rF+ rN+} (You acquired it on level 5 of the Vaults)
 86387 | Vaults:5 | Found Veigh's Distillery.
 86395 | Vaults:5 | Bought a potion of mutation for 144 gold pieces
 86430 | Vaults:5 | Found the ring of Phasing {EV+8}
 86560 | Vaults:5 | Identified the Volume of Gliding Malediction
 86876 | Elf:3    | Bought 2 scrolls of enchant weapon for 255 gold pieces
 87252 | Zot:1    | Entered Level 1 of the Realm of Zot
 87341 | Zot:1    | Received a gift from Okawaru
 87930 | Zot:1    | Found a shattered altar of Ashenzari.
 90296 | Zot:2    | Received a gift from Okawaru
 90325 | Zot:2    | Received a gift from Okawaru
 90608 | Zot:2    | Identified the +3 pair of gloves of Quysu {rPois rF- Regen+
                  | Dex+4} (You found it on level 2 of the Realm of Zot)
 92806 | Zot:3    | Identified the Catalogue of Compulsion
 92891 | Zot:3    | Received a gift from Okawaru
 93429 | Zot:4    | Noticed an ancient lich
 93435 | Zot:4    | HP: 8/237 [moth of wrath (8)]
 93436 | Zot:4    | Killed from afar by a Killer Klown

Levels and vault maps discovered:
D:1:      heliophobic_arrival_battle_scene, layout_basic, hangedman_decor_push,
          nrook_mini_backslash, minmay_close_crescents
D:2:      layout_loops_ring, lemuel_crystal_altar, lemuel_round_altar,
          nicolae_overflow_crystal_walls, minivault_11
D:3:      layout_rooms, cheibriados_altar_1, minitemple, first_ration,
          chequers_ecumenical_altar_simple
D:4:      gammafunk_steamed_eel, layout_loops_ring, serial_shops,
          kennysheep_mini_moat
D:5:      layout_gridville, eat_drink_and_be_merry_uskayaw, uniq_edmund,
          uniq_duvessa, uniq_sigmund
D:6:      layout_rooms, minmay_temple_entry_junction
D:7:      layout_loops_ring, lemuel_doored_altar, lemuel_crystal_altar,
          the_bakery
D:8:      layout_cave_pods, lemuel_crystal_altar, kennysheep_little_box,
          dpeg_oklobed_lair, uniq_pikel
D:9:      layout_basic, tso_oasis_becter, marbit_many_paths, roderic_lattice_a,
          minmay_misc_feat_rugged, st_stairs_6, led_sif_pool
D:10:     layout_stronghold, uniq_sonja, uniq_harold
D:11:     due_megacathedral, layout_basic, serial_shops, kennysheep_mini,
          gammafunk_ghost_nasty_kobolds, special_room [special_room_orc]
D:12:     cheibrodos_fzero, layout_irregular_city
D:13:     layout_big_octagon, david_vaults_3, ebering_ghost_inner_flame,
          serial_shops, shop, shop_coins
D:14:     layout_roguey, serial_shops, nicolae_shop_stone
D:15:     gammafunk_depths_entry_grave, layout_basic,
          nicolae_gozag_cash_rules_everything_around_me,
          minmay_misc_feat_nine_boxes
Lair:1:   layout_regular_city, nicolae_volcano_entry_two_sided,
          grunt_megastairs_1
Lair:2:   layout_roguey [special_room_bee], lemuel_fruit_fields
Lair:3:   layout_chaotic_city, minmay_snake_entry_guardpost_medium,
          ebering_ghost_reflecting_pool, minmay_another_anthill
Lair:4:   layout_cave_pods, elwin_shoals_entry_rooms, serial_bayou_pond_d,
          st_stairs_6, lemuel_fruit_tree, uniq_rupert
Lair:5:   layout_misc_corridors
Lair:6:   minmay_lair_end_enchanted_forest, layout_big_grid, slime_altar_1
Shoals:1: gammafunk_its_a_trap, layout_shoals, ebering_ghost_disaster_area,
          serial_shops, shop
Shoals:2: layout_shoals, nicolae_shoals_circle_sea_wall,
          hangedman_shoals_cup_caves
Shoals:3: layout_shoals, ebering_ghost_rock_garden, uniq_polyphemus, uniq_kirke
Shoals:4: shoals_end_hangedman, layout_shoals
Snake:1:  layout_rooms, uniq_donald, uniq_aizul
Snake:2:  layout_cave_pods, basic_altar, serial_bayou_shore_a
Snake:3:  layout_basic, serial_shops, shop, uniq_vashnia
Snake:4:  snake_pit_salamanders_mu, layout_onion_interference, serial_shops,
          shop
Orc:1:    layout_caves, guppyfry_library_mini
Orc:2:    st_orc_elflike, layout_diamond_mine
Elf:1:    layout_onion_city, serial_shops, nicolae_shop_stone,
          hangedman_elf_represent, hangedman_summoners_spam, uniq_azrael
Elf:2:    layout_geoelf_octagon, serial_shops, shop, patterned_corridor
Elf:3:    minmay_elf_hall_quartered_circle, layout_onion_city,
          gammafunk_ghost_arena, serial_shops, shop, grunt_ministairs_9
Vaults:1: vaults_room_semicircle, nicolae_vaults_triangles, vaults_room_fours,
          nicolae_vaults_ring_of_whatevers, ontoclasm_vaults_pinch,
          nicolae_vaults_windows_and_doors_thing, v_alt_pattern_3,
          nicolae_vaults_disjoint_gnomons, grunt_vaults_funnel,
          hangedman_vaults_impose, hangedman_vaults_maws, v_misc_8,
          vaults_dpeg_encased_lava, v_misc_19, vaults_room_guarded_vault,
          layout_vaults_omnicross
Vaults:2: v_pattern_3, minmay_crypt_entry_skeletal_spiral,
          nicolae_vaults_alarming, vaults_mumra_chevron_long,
          nicolae_vaults_circle_grid_b, v_misc_5, st_smaller_cells,
          vaults_room_stairs_pillars, ontoclasm_vaults_ligature, v_rooms_6,
          nicolae_vaults_big_ls, nicolae_vaults_shelves_hall,
          ontoclasm_vaults_spin, layout_vaults_ring, serial_shops, shop,
          nicolae_shop_trees, shop, shop, nicolae_shop_stone
Vaults:3: vaults_room_stairs_pillars, v_misc_19,
          nicolae_vaults_little_squares_2, vaults_room_boxed,
          hangedman_vaults_restitches, vaults_room_door_hall,
          vaults_room_hallway, v_alt_pattern_6, nicolae_vaults_gold_heap,
          layout_vaults_chaotic_city, serial_shops, shop_statue, uniq_boris,
          uniq_saint_roka
Vaults:4: v_misc_19, v_misc_12, v_misc_8, vaults_standard_mumra_x,
          grunt_vaults_twisty, ontoclasm_vaults_eye,
          nicolae_vaults_shelves_hall, hangedman_vaults_hat,
          dpeg_vaults_monster_box, layout_vaults_omnigrid, serial_shops, shop,
          basic_altar
Vaults:5: serial_shops, uniq_frederick
Depths:1: layout_basic, enter_ziggurat_d, hell_entry, kennysheep_minor_cross,
          serial_bayou_lake_a
Depths:2: cheibrodos_hall_of_evolution, layout_gridlike, pf_coc_iceberg,
          moated_statue, minmay_misc_feat_x
Depths:3: minmay_slanted_spiral_squares, layout_twisted_cross,
          rand_demon_pan_entry_9, gammafunk_ghost_tricky_traps, hell_entry,
          minmay_serpent_palace, uniq_mara
Depths:4: minmay_skeleton_keep, layout_basic, pf_dread_powers_of_hell,
          minmay_room_of_horrors, kennysheep_cross_bottleneck, minmay_shop_star,
          minmay_staircase_windowed_large
Depths:5: grunt_x_marks_the_spot, layout_cave_pools, hell_entry,
          minmay_misc_feat_cross
Zot:1:    gammafunk_mikee_crab_dinner, layout_onion_interference, basic_altar
Zot:2:    layout_basic, hangedman_snake_sidewinding
Zot:3:    layout_twisted_circle
Zot:4:    grunt_deathspiral_small, layout_onion

Skill      XL: |  1  2  3  4  5  6  7  8  9 10 11 12 13 14 15 16 17 18 19 20 21 22 23 24 25 26 27 |
---------------+----------------------------------------------------------------------------------+-----
Polearms       | 5 6 7 8 9 11 13 14 16 17 18 19 20 21 22 23 24 25 26 27 | 27.0
Fighting       | 3 4 5 7 8 10 11 12 13 14 15 16 17 18 19 20 21 22 23 | 23.9
Dodging        | 5 8 10 11 12 14 15 16 17 18 19 20 21 22 23 24 26 | 26.3
Invocations    | 2 5 7 9 10 | 10.0
Armour         | 2 4 5 6 7 8 9 10 11 12 | 12.6
Shields        | 3 5 7 9 10 11 12 13 14 15 16 17 18 19 20 | 20.3
Throwing       | 3 6 7 9 10 11 12 13 14 16 18 | 18.0

Action                   |  1- 3 |  4- 6 |  7- 9 | 10-12 | 13-15 | 16-18 | 19-21 | 22-24 | 25-27 || total
-------------------------+-------+-------+-------+-------+-------+-------+-------+-------+-------++-------
Melee: Trident           |    97 |    92 |    27 |   453 |  2691 |    90 |       |       |       ||  3450
       Spear             |       |   110 |   420 |   310 |       |       |       |       |       ||   840
       Halberd           |       |       |       |   238 |       |       |       |       |       ||   238
       Tailslap          |       |       |       |       |    12 |    49 |     1 |    18 |       ||    80
       Demon trident     |       |       |       |       |       |  1610 |  2075 |  1804 |  2213 ||  7702
Throw: Boomerang         |       |       |       |     1 |    12 |    10 |       |       |       ||    23
       Javelin           |       |       |       |       |       |       |       |    12 |       ||    12
Invok: Heroism           |       |       |       |     5 |    10 |     3 |     2 |     5 |     3 ||    28
       Finesse           |       |       |       |     2 |     2 |     1 |       |     3 |     2 ||    10
 Abil: Blink             |       |       |       |       |       |       |       |     1 |       ||     1
Evoke: Wand              |       |       |     6 |       |     4 |       |       |     2 |       ||    12
  Use: Scroll            |       |    12 |     7 |    10 |    12 |    10 |     5 |    17 |    30 ||   103
       Potion            |       |       |       |       |     7 |     4 |       |     3 |    13 ||    27
 Stab: Sleeping          |     2 |     2 |       |       |       |       |       |       |       ||     4
       Confused          |       |       |       |       |       |     9 |    19 |       |       ||    28
       Paralysed         |       |       |       |       |       |    24 |    10 |       |     1 ||    35
       Distracted        |       |       |       |       |       |     1 |       |       |       ||     1
       Petrified         |       |       |       |       |       |     5 |     1 |       |       ||     6
       Petrifying        |       |       |       |       |       |     5 |     7 |       |       ||    12
  Eat: Chunk             |     1 |     6 |    12 |    26 |    47 |    20 |    26 |    28 |    32 ||   198
       Ration            |       |       |     1 |     1 |     4 |     8 |     6 |     2 |     5 ||    27
Armor: Leather armour    |    14 |    21 |       |       |       |       |       |       |       ||    35
       Ring mail         |       |     3 |    63 |    82 |       |       |       |       |       ||   148
       Scale mail        |       |       |       |    87 |   658 |    19 |       |       |       ||   764
       Plate armour      |       |       |       |     3 |       |       |       |       |       ||     3
       Chain mail        |       |       |       |       |       |   240 |   314 |   206 |    42 ||   802
       Gold dragon scale |       |       |       |       |       |       |       |       |   382 ||   382
Dodge: Dodged            |    49 |   121 |   129 |   441 |  1290 |   564 |   644 |   704 |   818 ||  4760
Block: Kite shield       |       |       |       |   162 |  1211 |   732 |   891 |   928 |       ||  3924
       Reflection        |       |       |       |       |       |    84 |    70 |    62 |       ||   216
       Tower shield      |       |       |       |       |       |       |       |     3 |  1850 ||  1853

Table legend:
 A = Non-vault XP
 B = Vault XP
 C = Vault XP percentage of total XP
 D = Non-vault monster count
 E = Vault monster count
 F = Vault count percentage of total count
                 A         B        C        D         E       F
            +---------+---------+-------+---------+---------+-------
      Total |  801203 |  708982 |  46.9 |    1473 |     965 |  39.6
            +---------+---------+-------+---------+---------+-------
        D:1 |      23 |      10 |  30.3 |      13 |       6 |  31.6
        D:2 |     104 |       0 |   0.0 |      31 |       0 |   0.0
        D:3 |     157 |       0 |   0.0 |      24 |       0 |   0.0
        D:4 |     517 |     159 |  23.5 |      25 |       3 |  10.7
        D:5 |     659 |     607 |  47.9 |      14 |       4 |  22.2
        D:6 |     817 |       0 |   0.0 |      20 |       0 |   0.0
        D:7 |     719 |     791 |  52.4 |      21 |       2 |   8.7
        D:8 |    1802 |       0 |   0.0 |      23 |       0 |   0.0
        D:9 |    1351 |     185 |  12.0 |      27 |       2 |   6.9
       D:10 |    1601 |    1777 |  52.6 |      19 |       2 |   9.5
       D:11 |    5570 |    6389 |  53.4 |      39 |      39 |  50.0
       D:12 |    2370 |    3000 |  55.9 |      18 |      16 |  47.1
       D:13 |    4937 |    5014 |  50.4 |      27 |       4 |  12.9
       D:14 |    8418 |    6135 |  42.2 |      31 |      13 |  29.5
       D:15 |   12992 |    4332 |  25.0 |      49 |       8 |  14.0
     Lair:1 |    1684 |     389 |  18.8 |      11 |       1 |   8.3
     Lair:2 |    3806 |    1800 |  32.1 |      20 |      25 |  55.6
     Lair:3 |    8775 |    3634 |  29.3 |      26 |      26 |  50.0
     Lair:4 |    7835 |     424 |   5.1 |      33 |       2 |   5.7
     Lair:5 |    6620 |    4985 |  43.0 |      24 |      27 |  52.9
     Lair:6 |    3824 |    3684 |  49.1 |      16 |      19 |  54.3
   Shoals:1 |    6675 |    5584 |  45.6 |      15 |       8 |  34.8
   Shoals:2 |   14054 |    6192 |  30.6 |      34 |      12 |  26.1
   Shoals:3 |   16252 |   10271 |  38.7 |      31 |       9 |  22.5
   Shoals:4 |    7297 |   20286 |  73.5 |      19 |      27 |  58.7
    Snake:1 |   15120 |    3514 |  18.9 |      28 |       2 |   6.7
    Snake:2 |   16990 |       0 |   0.0 |      35 |       0 |   0.0
    Snake:3 |   26175 |    8511 |  24.5 |      49 |       6 |  10.9
    Snake:4 |   13152 |   50416 |  79.3 |      23 |      72 |  75.8
      Orc:1 |    2505 |    2488 |  49.8 |      31 |      13 |  29.5
      Orc:2 |    5377 |    6188 |  53.5 |      53 |      21 |  28.4
      Elf:1 |   17858 |   14834 |  45.4 |      28 |      27 |  49.1
      Elf:2 |    9858 |   24555 |  71.4 |      16 |      31 |  66.0
      Elf:3 |   25063 |   49360 |  66.3 |      37 |      38 |  50.7
   Vaults:1 |    3334 |   26063 |  88.7 |      11 |      40 |  78.4
   Vaults:2 |   32572 |   40844 |  55.6 |      51 |      71 |  58.2
   Vaults:3 |   18835 |   36544 |  66.0 |      32 |      37 |  53.6
   Vaults:4 |   54510 |   58631 |  51.8 |      69 |      71 |  50.7
   Vaults:5 |   43761 |  103015 |  70.2 |      57 |      66 |  53.7
   Depths:1 |   42605 |       0 |   0.0 |      63 |       0 |   0.0
   Depths:2 |   27573 |   18567 |  40.2 |      42 |      22 |  34.4
   Depths:3 |   42282 |   64223 |  60.3 |      48 |      73 |  60.3
   Depths:4 |   74752 |   36939 |  33.1 |      64 |      58 |  47.5
   Depths:5 |   51560 |   21877 |  29.8 |      26 |      15 |  36.6
      Zot:1 |   32902 |   22676 |  40.8 |      22 |      12 |  35.3
      Zot:2 |   46317 |   29934 |  39.3 |      26 |      21 |  44.7
      Zot:3 |   67691 |       0 |   0.0 |      44 |       0 |   0.0
      Zot:4 |   11552 |       0 |   0.0 |       8 |       0 |   0.0
    Volcano |       0 |    4155 | 100.0 |       0 |      14 | 100.0
            +---------+---------+-------+---------+---------+-------
